 Dungeon Crawl Stone Soup version 0.30.1-11-g7821555f0a (webtiles) character file.

Game seed: 4039803306435934616

126 safid the Chiller (level 5, -4/39 HPs)
             Began as a Merfolk Ice Elementalist on Nov 9, 2023.
             Slain by a gnoll
             ... wielding a +0 spear
              (8 damage)
             ... on level 4 of the Dungeon.
             The game lasted 00:02:41 (3071 turns).

safid the Chiller (Merfolk Ice Elementalist)        Turns: 3071, Time: 00:02:42

Health: -4/39      AC:  2    Str: 14    XL:     5   Next: 10%
Magic:  8/9        EV: 12    Int: 17    God:
Gold:   240        SH:  0    Dex: 14    Spells: 3/10 levels left

rFire   . . .        f - +0 rapier
rCold   . . .        (no shield)
rNeg    + . .        a - +0 robe
rPois   .            (no helmet)
rElec   .            (no cloak)
rCorr   .            (no gloves)
SInv    .            (no boots)
Will    .....        (no amulet)
Stlth   ++           m - +6 ring of strength
HPRegen 0.26/turn    n - ring of positive energy
MPRegen 0.11/turn

%: no passive effects
@: no status effects
A: (nimble swimmer 2), mertail
a: no special abilities


You were on level 4 of the Dungeon.
You visited 1 branch of the dungeon, and saw 4 of its levels.

You collected 240 gold pieces.

Inventory:

Hand Weapons
 f - a +0 rapier (weapon)
Armour
 a - a +0 robe (worn)
Jewellery
 l - a ring of fire
 m - a +6 ring of strength (left hand)
 n - a ring of positive energy (right hand)
Scrolls
 c - a scroll of teleportation {unknown}
 d - a scroll of immolation {unknown}
 e - 3 scrolls of identify {unknown}
 i - a scroll of fog {unknown}
 j - a scroll of vulnerability {unknown}
 k - a scroll of amnesia {unknown}
Potions
 g - a potion of degeneration {unknown}
 h - 4 potions of heal wounds {unknown}


   Skills:
 + Level 2.7 Fighting
 - Level 2.6 Dodging
 - Level 2.1 Stealth
 + Level 3.1 Spellcasting
 + Level 5.3 Ice Magic


You had 3 spell levels left.
You knew the following spells:

 Your Spells              Type           Power      Damage    Failure   Level
a - Freeze                Ice            80%        1d9       1%          1
b - Frozen Ramparts       Ice            40%        1d7       6%          3
c - Ozocubu's Armour      Ice            20%        N/A       6%          3

Your spell library contained the following spells:

 Spells                   Type           Power      Damage    Failure   Level
 Summon Ice Beast         Ice/Summ       11%        N/A       50%         4


Dungeon Overview and Level Annotations

Branches:
Dungeon (4/15)
 Temple: D:4-7

Altars:
Dithmenos

Annotations:
D:2 1 runed translucent door, Crazy Yiuf


Innate Abilities, Weirdness & Mutations

((You are very nimble when in or above water. (Stealth+, EV+, Speed+++)))
Your lower body shifts to a powerful aquatic tail in water.


Message History

The wall freezes the gnoll. x2
You kill the gnoll!
You have reached level 5!
You feel clever.
Unknown command.
The wall freezes the gnoll.
You kill the gnoll!
The frozen ramparts melt away.
The gnoll hits you but does no damage.
Your icy armour will break if you move.
Continue?
Your icy armour cracks and falls away as you move.
The gnoll hits you with a +0 spear!
* * * LOW HITPOINT WARNING * * *
Things that are here:
a +0 club; a gnoll corpse; a hobgoblin corpse
Casting: Frozen Ramparts (dangerous; 6% risk of failure)
Confirm with . or Enter, or press ? or * to list all spells.
Aiming: Freeze (safe; 1% risk of failure)
Press: ? - help, Shift-Dir - straight line, f - gnoll
Aim: a gnoll, wielding a +0 spear You freeze the gnoll.
The gnoll is lightly wounded.
The gnoll hits you with a +0 spear.
* * * LOW HITPOINT WARNING * * *
Casting: Freeze (safe; 1% risk of failure)
Confirm with . or Enter, or press ? or * to list all spells.
You don't have enough magic to cast this spell.
Unknown command.
You hit the gnoll.
The gnoll is moderately wounded.
The gnoll barely misses you. Magic courses through your body.
The gnoll misses you.
Casting: Freeze (safe; 1% risk of failure)
Confirm with . or Enter, or press ? or * to list all spells.
Aiming: Freeze (safe; 1% risk of failure)
Press: ? - help, Shift-Dir - straight line, f/p - gnoll
Aim: a gnoll, wielding a +0 spear (moderately wounded)
You freeze the gnoll.
The gnoll is severely wounded.
The gnoll hits you with a +0 spear!
You die...

###..........
.#........#
.......).#
#........##
##.........#
#.....#...
#.....#.#
#.)g....###
##@###<...#
#.# #.##...#
#.# #.# ....
... ... S..
........
..........
#.###......
#. ..#..(. #
..#...


You could see a gnoll.

Vanquished Creatures
  3 gnolls (D:4)
  2 adders
  An ufetubus (D:3)
  A worm (D:2)
  A dart slug (D:1)
  An orc (D:3)
  6 endoplasms
  3 giant cockroaches (D:3)
  6 goblins
  10 hobgoblins
  3 jackals (D:1)
  2 quokkas
  9 ball pythons
  6 bats
  4 frilled lizards
  2 kobolds
  5 rats
65 creatures vanquished.

Notes
Turn   | Place    | Note
-------+----------+-------------------------------------------
     0 | D:1      | safid the Merfolk Ice Elementalist began the quest for the
                  | Orb.
     0 | D:1      | Reached XP level 1. HP: 13/13 MP: 3/3
   196 | D:1      | Reached XP level 2. HP: 20/20 MP: 3/5
   297 | D:1      | Reached skill level 1 in Fighting
   674 | D:1      | Reached XP level 3. HP: 26/26 MP: 6/6
   678 | D:1      | Learned a level 3 spell: Frozen Ramparts
  1356 | D:2      | Reached skill level 5 in Ice Magic
  1383 | D:2      | Found a runed translucent door.
  1384 | D:2      | Noticed Crazy Yiuf
  1704 | D:2      | Reached XP level 4. HP: 33/33 MP: 8/8
  2186 | D:3      | Found a shadowy altar of Dithmenos.
  2195 | D:3      | You fall into a shaft and drop 1 floor!
  2259 | D:3      | Learned a level 3 spell: Ozocubu's Armour
  3064 | D:4      | Reached XP level 5. HP: 14/39 MP: 0/9
  3071 | D:4      | Slain by a gnoll

Illustrated notes

Levels and vault maps discovered:
D:1:      lightli_iron_boxes, layout_loops_corners, serial_rivers,
          chequers_serial_rivers_small_b, chequers_serial_rivers_micro_c,
          chequers_serial_rivers_micro_d, chequers_serial_rivers_micro_d,
          hangedman_abyss_or_decor_lesser_grid, dreamdust_princess_corridor,
          serial_bayou_pond_b
D:2:      layout_basic, serial_glass, glass_columns_a, glass_columns_b,
          uniq_crazy_yiuf_cottage
D:3:      layout_basic, nicolae_dithmenos_through_a_glass_darkly
D:4:      layout_rooms, nicolae_overflow_hallway_of_the_gods, kennysheep_potato

Skill      XL: |  1  2  3  4 |
---------------+-------------+-----
Fighting       | 1 2 |  2.7
Ice Magic      | 5 |  5.3
Spellcasting   | 3 |  3.1
Dodging        | |  2.6
Stealth        | |  2.1

Action                     |  1- 3 |  4- 6 || total
---------------------------+-------+-------++-------
  Melee: Mace              |     4 |       ||     4
         Rapier            |    86 |    63 ||   149
         Punch             |     1 |       ||     1
   Cast: Freeze            |    16 |     8 ||    24
         Frozen Ramparts   |       |     2 ||     2
         Ozocubu's Armour  |       |     1 ||     1
    Use: Potion            |       |     1 ||     1
   Stab: Sleeping          |     4 |     2 ||     6
 Armour: Robe              |    18 |     9 ||    27
  Dodge: Dodged            |    61 |    53 ||   114
